 Dungeon Crawl Stone Soup version 0.27.0-1-g7a089689b8 (webtiles) character file.

Game seed: 17422259543152300792

33 robertstho the Magician (level 3, -7/26 HPs)
             Began as a Djinni Fire Elementalist on Aug 10, 2021.
             Mangled by Terence (9 damage)
             ... on level 2 of the Dungeon.
             The game lasted 00:02:45 (1271 turns).

robertstho the Magician (Djinni Fire Elementalist)  Turns: 1271, Time: 00:02:46

Health: -7/26      AC:  2    Str:  7    XL:     3   Next: 47%
Gold:   23         EV: 16    Int: 17    God:
                   SH:  0    Dex: 13

rFire    + + .     SeeInvis .   b - +1 short sword (drain)
rCold    x . .     Faith    .   (no shield)
rNeg     . . .     Spirit   .   a - +0 robe
rPois    ∞         Reflect  .   (no helmet)
rElec    .         Harm     .   (no cloak)
rCorr    .         Rampage  .   (no gloves)
Will     .....                  (boots unavailable)
Stlth    ++........             (no amulet)
HPRegen  0.08/turn              d - +4 ring of evasion
MPRegen  0.00/turn              (no ring)

@: flying
A: sickness immunity, fire resistance 2, cold vulnerability 1, float, innate
caster, hp casting, extra vitality 1
a: no special abilities


You were on level 2 of the Dungeon.
You visited 1 branch of the dungeon, and saw 2 of its levels.

You collected 23 gold pieces.

Inventory:

Hand Weapons
 b - a +1 short sword of draining (weapon)
Armour
 a - a +0 robe (worn)
Jewellery
 d - a +4 ring of evasion (left hand)
 i - an amulet of reflection
Wands
 h - a wand of flame (19)
Scrolls
 c - a scroll of teleportation {unknown}
 f - 3 scrolls of enchant armour {unknown}
 g - a scroll of fear {unknown}
Potions
 e - a potion of berserk rage {unknown}


   Skills:
 * Level 0.9 Fighting
 + Level 2.3 Dodging
 + Level 1.6 Stealth
 * Level 3.1 Spellcasting


You couldn't memorise any spells.
You knew the following spells:

 Your Spells              Type           Power      Damage    Failure   Level
a - Foxfire               Conj/Fire      52%        2x1d6     4%          1
b - Conjure Flame         Conj/Fire      13%        6-21      14%         3
c - Inner Flame           Hex/Fire       13%        N/A       14%         3
d - Sticky Flame          Conj/Fire      13%        2d4       43%         4
e - Fireball              Conj/Fire      6%         3d5       78%         5
f - Animate Skeleton      Necr           26%        N/A       4%          1
Your spell library was empty.

Dungeon Overview and Level Annotations

Branches:
Dungeon (2/15)

Altars:

Shops:
D:1 [

Annotations:
D:2 Terence


Innate Abilities, Weirdness & Mutations

You are immune to sickness and miasma.
You are immune to poison.
Your flesh is very heat resistant. (rF++)
You are vulnerable to cold. (rC-)
You float through the air rather than walking.
You learn spells naturally, not from books.
Your magical power is your life essence.
You have superior vitality. (+4 HP)


Message History

Terence is moderately wounded.
The foxfire hits Terence.
Terence is moderately wounded.
Terence hits you with a +0 flail.
The foxfire hits Terence.
Terence is heavily wounded.
The foxfire hits Terence.
Terence is severely wounded.
Casting: Foxfire (safe; 4% risk of failure)
Press: ? - help, Q - select action, (/) - cycle Dir - look around, f - activate You conjure some foxfire!
Terence hits you with a +0 flail!
The foxfire hits Terence but does no damage.
Terence is heavily wounded.
The foxfire hits Terence.
Terence is severely wounded.
Casting: Foxfire (safe; 4% risk of failure)
Press: ? - help, Q - select action, (/) - cycle Dir - look around, f - activate You conjure some foxfire!
Terence closely misses you.
The foxfire hits Terence but does no damage.
Terence is severely wounded.
The foxfire hits Terence.
Terence is severely wounded.
Casting: Foxfire (safe; 4% risk of failure)
Press: ? - help, Q - select action, (/) - cycle Dir - look around, f - activate You conjure some foxfire!
Terence hits you with a +0 flail!
* * * LOW HITPOINT WARNING * * *
The foxfire hits Terence.
Terence is severely wounded.
The foxfire hits Terence but does no damage.
Terence is severely wounded.
Aiming: Throw Flame
Press: ? - help, Shift-Dir - straight line, f - Terence
Aim: Terence, wielding a +0 flail and wearing a +0 ring mail (severely wounded, 72% to hit)
The puff of flame hits Terence.
Terence is almost dead.
Terence hits you with a +0 flail!
You die...

#.#. ##.#. .!..
#.@.##########
#...#........#
#...#......#.# #
#...#......#.# .#
#.......####.# # ..
#..##..@@....#.#.###
.#..#...§.....#......
........§...........#
..############.#######
>. ...................
. ..........#.#######
#<#######.#.#
#######.#.###.#.#.#
#....##.#.....#.#.#


You could see Terence.

Vanquished Creatures
  4 dart slugs (D:1)
  A giant cockroach (D:1)
  3 goblins (D:1)
  2 hobgoblins (D:1)
  2 quokkas (D:1)
  4 ball pythons (D:1)
  2 bats (D:1)
  6 kobolds
24 creatures vanquished.

Vanquished Creatures (others)
  108 foxfires
108 creatures vanquished.

Grand Total: 132 creatures vanquished

Notes
Turn   | Place    | Note
-------+----------+-------------------------------------------
     0 | D:1      | robertstho the Djinni Fire Elementalist began the quest for
                  | the Orb.
     0 | D:1      | Reached XP level 1. HP: 15/15 MP: 0/0
   226 | D:1      | Reached XP level 2. HP: 20/21 MP: 0/0
   589 | D:1      | Reached skill level 3 in Spellcasting
   593 | D:1      | Reached XP level 3. HP: 20/26 MP: 0/0
   593 | D:1      | Learned a level 1 spell: Animate Skeleton
  1062 | D:1      | Found Rihuigyonu's Antique Armour Shop.
  1247 | D:2      | Noticed Terence
  1271 | D:2      | Mangled by Terence

Illustrated notes

Levels and vault maps discovered:
D:1:      erik_arrival_triangle_small, layout_rooms, serial_shops,
          nicolae_shop_behind_doors, minmay_liquid_box
D:2:      layout_basic, uniq_terence

Skill      XL: |  1  2 |
---------------+-------+-----
Spellcasting   | 3 |  3.1
Fighting       | |  0.9
Dodging        | |  2.3
Stealth        | |  1.6

Action                   || total
-------------------------++-------
 Cast: Foxfire           ||    64
Evoke: Wand              ||     1
Armor: Robe              ||     1
Dodge: Dodged            ||     3
